AoeStats
← 化劲省二

Arabia

507281893Analyzed
1v1 RM · 16d ago on Sep 17, 2026· 39m 9s· 2 players
Game mode
Random Map
Map size
Tiny (2 player)
Population
200
Speed
Normal
Resources
Standard
Victory
Conquest
Starting age
Dark Age
Ending age
Imperial Age
RankedLock teamsTeams togetherTeam positionsShared explorationLock speedFull tech treeHidden civsTurbo modeCheats
Victory
Defeat
🇦🇷 Mongols · Argentina
1155
+18
🇨🇳 Khitans · China
1204
-18
化劲省二
9:02 Loom
11:29 Feudal Age
12:32 Double-Bit Axe
12:31 Domestication
17:14 Castle Age
18:36 Forging
20:12 Wheelbarrow
21:25 Bow Saw
24:15 Iron Casting
24:29 Light Cavalry
25:41 Pikeman
26:54 Scale Barding Armor
28:28 Chain Barding Armor
28:42 Town Watch
28:55 Gold Mining
29:28 Hand Cart
29:41 Husbandry
32:46 Fletching
35:29 Pastoralism
35:43 Bodkin Arrow
SaBaLeRo
9:00 Loom
10:53 Feudal Age
15:32 Castle Age
14:38 Double-Bit Axe
15:35 Horse Collar
18:26 Bow Saw
19:23 Heavy Plow
20:49 Gold Mining
21:04 Husbandry
21:14 Bloodlines
21:32 Forging
30:49 Imperial Age
29:13 Town Watch
30:06 Wheelbarrow
29:32 Stone Mining
29:58 Scale Barding Armor
30:29 Iron Casting
30:06 Bloodlines
29:17 Light Cavalry
30:17 Fletching
30:19 Light Cavalry
31:07 Hussar
35:23 Bodkin Arrow
35:40 Padded Archer Armor
36:28 Iron Casting
36:47 Ballistics
37:30 Chain Barding Armor
38:39 Blast Furnace
Connection lost

Rejoining the realm…

Still unreachable

The connection could not be restored.

Session expired

The server has moved on; the page needs a fresh start.